 Dungeon Crawl Stone Soup version 0.30-a0-779-g7971cf19c3 (webtiles) character file.

Game seed: 11063468979759638986

1404875 browni3141 the Cryomancer (level 21, 119/119 HPs)
             Began as a Felid Cinder Acolyte on Feb 18, 2023.
             Was an Initiate of Gozag.
             Escaped with the Orb
             ... and 3 runes!
             The game lasted 05:25:36 (75232 turns).

browni3141 the Cryomancer (Felid Cinder Acolyte)   Turns: 75232, Time: 05:25:36

Health: 119/119    AC:  3    Str:  6      XL:     21   Next: 88%
Magic:  49/49      EV: 25    Int: 28 (29) God:    Gozag
Gold:   647        SH:  0    Dex: 12      Spells: 9/48 levels left
                                        Lives:  0   Deaths: 6

rFire   + + +      SeeInvis +      - Unarmed
rCold   + . .      Faith    .    (shield unavailable)
rNeg    . . .      Spirit   .    (body armour unavailable)
rPois   .          Reflect  .    (helmet unavailable)
rElec   +          Harm     .    (cloak unavailable)
rCorr   +          Rampage  .    (gloves unavailable)
Will    ++++.      Rage     3%   (boots unavailable)
Stlth   +++                      H - amulet of Vitality {RegenMP++ Regen++}
HPRegen 1.99/turn                D - ring of Xorphu {*Slow rF++ Will+ rCorr}
MPRegen 1.11/turn                A - ring of Xom's Amusement {rElec MP+9 Int+3}

@: hasted, very quick
A: very small, claws 1, fangs 3, see invisible, speed 1, shaggy fur 3, stealthy
paws, no weapons or thrown items, no armour, multi-lived, berserk 1,
deterioration 1, fire resistance 1, robust 1, weak 2
0: Orb of Zot
}: 3/15 runes: decaying, serpentine, slimy
a: Renounce Religion, Potion Petition, Call Merchant, Bribe Branch


You escaped.
You worshipped Gozag.
Gozag was pleased with you.
You visited 10 branches of the dungeon, and saw 48 of its levels.
You also visited: Trove, Ossuary, Bailey and Ice Cave.

You collected 24007 gold pieces.
You spent 8456 gold pieces at shops.
You paid 14904 gold pieces to Gozag.

Inventory:

Missiles
 Q - 57 large rocks
Jewellery
 j - a +6 ring of dexterity
 w - a +6 ring of dexterity
 y - a ring of protection from cold
 A - the ring of Xom's Amusement (right paw) {rElec MP+9 Int+3}
   (You bought it in a shop on level 12 of the Dungeon)

   [ring of magical power]

   Int:       It affects your intelligence (+3).
   rElec:     It insulates you from electricity.
   MP:        It affects your magic capacity (+9).
 D - the ring of Xorphu (left paw) {*Slow rF++ Will+ rCorr}
   (You bought it in a shop on level 12 of the Dungeon)

   [ring of resist corrosion]

   rF:        It greatly protects you from fire.
   rCorr:     It protects you from acid and corrosion.
   *Slow:     It may slow you when you take damage.
   Will:      It increases your willpower.
 H - the amulet of Vitality (around neck) {RegenMP++ Regen++}
   (You bought it in a shop on level 12 of the Dungeon)

   [amulet of magic regeneration]

   It increases your rate of magic regeneration.
   Regen:     It increases your rate of health regeneration.
 I - a ring of poison resistance
 L - a +6 ring of intelligence
 M - an amulet of regeneration
 R - a ring of fire
 T - a ring of ice
 V - a ring of flight
Wands
 s - a wand of mindburst (8)
 t - a wand of polymorph (17)
 E - a wand of quicksilver (7)
 O - a wand of digging (8)
 W - a wand of charming (15)
Scrolls
 f - 22 scrolls of teleportation
 l - 12 scrolls of immolation
 m - 14 scrolls of poison
 u - 11 scrolls of noise
 v - 2 scrolls of silence
 x - 6 scrolls of torment
 F - 4 scrolls of amnesia
 G - 3 scrolls of magic mapping
 P - 11 scrolls of vulnerability
 U - 10 scrolls of fear
 X - 21 scrolls of identify
Potions
 a - 3 potions of magic
 b - 18 potions of curing
 c - 5 potions of brilliance
 g - 10 potions of mutation
 i - 17 potions of attraction
 o - 9 potions of cancellation
 p - 5 potions of ambrosia
 r - 2 potions of heal wounds
 z - 13 potions of lignification
 B - 6 potions of flight
 C - 3 potions of might
 J - 5 potions of berserk rage
 N - 4 potions of resistance
 Z - 2 potions of invisibility
Miscellaneous
 h - a box of beasts
 k - a lightning rod (4/4)
 n - a tin of tremorstones (2/2)
 S - a phantom mirror
 Y - a condenser vane (inert)


   Skills:
 + Level 19.7 Fighting
 - Level 17.4 Dodging
 - Level 18.9 Stealth
 - Level 8.0 Unarmed Combat
 - Level 14.0 Spellcasting
 - Level 7.0 Conjurations
 - Level 7.0 Hexes
 - Level 5.0 Summonings
 - Level 4.0 Fire Magic
 * Level 24.1 Ice Magic
 - Level 11.0 Air Magic
 - Level 10.0 Evocations


You had 9 spell levels left.
You knew the following spells:

 Your Spells              Type           Power      Damage    Failure   Level
a - Freezing Cloud        Conj/Ice/Air   39%        6-21      1%          5
c - Summon Guardian Gole  Hex/Summ       52%        N/A       1%          3
d - Vhi's Electric Charg  Tloc/Air       100%       N/A       1%          3
e - Summon Lightning Spi  Summ/Air       59%        N/A       1%          4
f - Airstrike             Air            34%        2d(5-21)  1%          4
g - Lightning Bolt        Conj/Air       31%        1d48      1%          5
h - Ozocubu's Refrigerat  Ice            50%        4d18      1%          7
i - Apportation           Tloc           38%        N/A       2%          1
j - Arcjolt               Conj/Air       31%        1d41      1%          5
k - Blink                 Tloc           38%        N/A       4%          2

Your spell library contained the following spells:

 Spells                   Type           Power      Damage    Failure   Level
 Freeze                   Ice            100%       1d10      0%          1
 Ensorcelled Hibernation  Hex/Ice        100%       N/A       0%          2
 Frozen Ramparts          Ice            100%       1d16      0%          3
 Ozocubu's Armour         Ice            100%       N/A       0%          3
 Foxfire                  Conj/Fire      100%       2x1d9     1%          1
 Shock                    Conj/Air       100%       1d9       1%          1
 Slow                     Hex            100%       N/A       1%          1
 Summon Small Mammal      Summ           100%       N/A       1%          1
 Cigotuvi's Dreadful Rot  Necr/Pois/Air  80%        N/A       1%          2
 Momentum Strike          Conj/Tloc      78%        3d10      1%          2
 Poisonous Vapours        Pois/Air       100%       N/A       1%          2
 Scorch                   Fire           84%        2d9       1%          2
 Static Discharge         Conj/Air       100%       2-7/arc   1%          2
 Call Canine Familiar     Summ           47%        N/A       1%          3
 Confusing Touch          Hex            56%        N/A       1%          3
 Dazzling Flash           Conj/Hex       100%       N/A       1%          3
 Kindle Blastsparks       Fire/Tloc/Air  94%        2d17      1%          3
 Mephitic Cloud           Conj/Pois/Air  52%        N/A       1%          3
 Stone Arrow              Conj/Erth      78%        3d11      1%          3
 Swiftness                Air            69%        N/A       1%          3
 Tukima's Dance           Hex            56%        N/A       1%          3
 Cause Fear               Hex            28%        N/A       1%          4
 Fulminant Prism          Conj/Hex       28%        3d13      1%          4
 Ice Form                 Ice/Tmut       72%        N/A       1%          4
 Summon Ice Beast         Ice/Summ       79%        N/A       1%          4
 Silence                  Hex/Air        31%        N/A       1%          5
 Beastly Appendage        Tmut           38%        N/A       2%          1
 Necrotise                Necr           76%        1d7       2%          1
 Sandblast                Erth           38%        2d10      2%          1
 Flame Wave               Conj/Fire      50%        2d12      2%          4
 Lesser Beckoning         Tloc           38%        N/A       4%          2
 Passwall                 Tmut/Erth      15%        N/A       4%          2
 Wereblood                Tmut           19%        N/A       4%          2
 Ignite Poison            Fire/Tmut/Pois 27%        N/A       4%          3
 Iskenderun's Battlesphe  Conj           56%        2d11      4%          5
 Iskenderun's Mystic Bla  Conj/Tloc      39%        2d9       6%          4
 Leda's Liquefaction      Hex/Erth       19%        N/A       6%          4
 Spider Form              Tmut/Pois      19%        N/A       8%          3
 Vampiric Draining        Necr           19%        2d7       8%          3
 Fireball                 Conj/Fire      25%        3d11      8%          5
 Conjure Ball Lightning   Conj/Air       31%        3x3d10    10%         6
 Polar Vortex             Ice            50%        N/A       14%         9
 Irradiate                Conj/Tmut      19%        3d18      17%         5
 Yara's Violent Unravell  Hex/Tmut       19%        3d9       17%         5
 Dispel Undead            Necr           19%        3d11      26%         4
 Passage of Golubria      Tloc           19%        N/A       26%         4
 Summon Cactus Giant      Summ           23%        N/A       45%         6
 Agony                    Necr           19%        N/A       58%         5
 Alistair's Intoxication  Tmut/Pois      12%        N/A       58%         5
 Blade Hands              Tmut           9%         N/A       58%         5
 Borgnjor's Vile Clutch   Necr/Erth      9%         N/A       58%         5
 Lee's Rapid Deconstruct  Erth           9%         3d7*      58%         5
 Orb of Destruction       Conj           28%        9d9       77%         7
 Maxwell's Capacitive Co  Air            34%        ∞         88%         8
 Death Channel            Necr           9%         N/A       99%         6
 Eringya's Noxious Bog    Tmut/Pois      9%         N/A       99%         6
 Statue Form              Tmut/Erth      12%        N/A       99%         6
 Dragon Form              Tmut           9%         N/A       100%        7
 Infestation              Necr           9%         N/A       100%        8
 Lehudib's Crystal Spear  Conj/Erth      19%        10d6      100%        8
 Death's Door             Necr           9%         N/A       100%        9
 Dragon's Call            Summ           23%        N/A       100%        9
 Portal Projectile        Hex/Tloc       Unusable   N/A       N/A         3
 Simulacrum               Ice/Necr       Unusable   N/A       N/A         6
 Animate Armour           Summ/Erth      Unusable   N/A       N/A         4

Dungeon Overview and Level Annotations

Branches:
Dungeon (15/15)            Temple (1/1) D:4            Lair (5/5) D:10
  Swamp (4/4) Lair:2        Snake (4/4) Lair:2        Slime (5/5) Lair:4
    Orc (2/2) D:9             Elf (3/3) Orc:2        Vaults (0/5) D:14
 Depths (4/4) D:15            Zot (5/5) Depths:4    Ossuary (visited)
 Bailey (visited)           IceCv (visited)

Altars:
Ashenzari
Cheibriados
Dithmenos
Elyvilon
Fedhas
Gozag
Hepliaklqana
Kikubaaqudgha
Makhleb
Nemelex Xobeh
Okawaru
Qazlal
Ru
Sif Muna
Trog
Uskayaw
Vehumet
Wu Jian
Yredelemnul
Zin
The Shining One
Jiyva

Shops:
D:5 ?   D:9 *   D:12 =?   D:13 [[(   Orc:2 !:*((   Elf:2 (   Elf:3 =[*
Snake:3 [**   Depths:1 (?:*?

Portals:
Hell: Depths:1 Depths:2 Depths:3 Depths:4
Abyss: Depths:1 Depths:3 Depths:4
Pandemonium: Orc:2 Depths:2
Ziggurat: Depths:1

Annotations:
D:12 2 transporters, bronco's ghost, journeyman HuAE
Swamp:3 Roxanne
Snake:3 exclusions: salamander and salamander tyrant
Elf:1 exclusion: 2 dancing weapons
Elf:2 5 runed translucent doors, exclusion: 5 doors
Depths:1 2 transporters, Funiw's ghost, adept TrMo
Depths:3 2 transporters, exclusions: door and shining eye
Zot:3 exclusions: quicksilver dragon and 2 storm dragons


Innate Abilities, Weirdness & Mutations

You have sharp claws.
You have razor-sharp teeth.
You have supernaturally acute eyesight. (SInv)
You cover ground quickly. (Speed+)
Your thick and shaggy fur keeps you warm. (AC +3, rC+)
Your paws help you pounce on unaware monsters.
You are incapable of wielding weapons or throwing items.
You cannot wear armour.
You gain extra lives every three experience levels.
You sometimes lose your temper in combat.
Your body sometimes deteriorates upon taking damage.
Your flesh is heat resistant. (rF+)
You are robust. (+10% HP)
You are very weak. (Str -4)


Message History

You feel the Orb delaying your translocation!
You start waiting.
Your surroundings suddenly seem different.
(D) Dungeon (T) Temple (L) Lair (S) Swamp (P) Snake Pit (M) Slime Pits (O) Orcish Mines (E) Elven Halls (V) Vaults (U) Depths (H) Hell (Z) Zot
Where to? (Enter - D:1, ? - help)
There is a stormy altar of Qazlal here.
There is an open door here.
There is an open door here.
There is a stone staircase leading up here.
You climb upwards.
There is a stone staircase leading down here.
You open the door.
There is an open door here.
There is a stone staircase leading up here.
You climb upwards.
There is a stone staircase leading down here.
A Hell Sentinel comes into view.
Press: ? - help, v - describe, . - travel
Here: a Hell Sentinel The floor.
Unknown command.
Unknown command.
You feel yourself speed up.
Press: ? - help, v - describe, . - travel
Here: a Hell Sentinel The floor.
Unknown command.
Casting: Blink (safe; 4% risk of failure)
Confirm with . or Enter, or press ? or * to list all spells.
You blink.
Aiming: Dig
Press: ? - help, Shift-Dir - straight line A rock wall.
This square is covered in magical glow.
The rock shatters into small pieces.
You feel stable enough to blink again.
There is a staircase leading out of the dungeon here.
You have escaped!

##############'###+############..
...# #.~#~.##............
##.######### #.~~~.#.............
...........# #.~8~..#............
...........# #.....##..........[.
...........# #♣...♣##............
...........# #P♣.♣P##............
...........# ##P.P###............
...........# #P#@#P##............
...........# ##.♣.###............
.†...8.....# #♣#♣# #........###.
...........# ########## ##
...........# #. ...........# ##
..>........# #.
...........######## ##
.....8.###........# #.


There were no monsters in sight!

Vanquished Creatures
  Dissolution (Slime:4)
  the Royal Jelly (Slime:5)
  2 orbs of fire
  Mara (Depths:3)
  Vv (Depths:3)
  A curse toe (Zot:5)
  3 golden dragons
  A hellephant (D:13)
  6 tentacled monstrosities
  Jorgrun (Swamp:3)
  10 Orb Guardians
  4 quicksilver dragons
  2 deep elf blademasters
  A titan (Depths:2)
  18 acid blobs
  2 deep elf master archers (Elf:3)
  2 death cobs
  3 sphinxes
  2 thorn hunters
  A shadow dragon (Depths:4)
  12 nagarajas (Snake:4)
  A tengu reaver (Depths:2)
  6 storm dragons
  A draconian monk (Zot:4)
  4 draconian knights
  10 azure jellies (Slime:5)
  A draconian scorcher (Depths:4)
  7 rockslimes
  7 fire giants
  An iron dragon (Depths:3)
  Aizul (Snake:1)
  4 deep elf sorcerers (Elf:3)
  A draconian shifter (Zot:3)
  3 frost giants
  4 deep elf elementalists
  2 ghost moths
  3 spectral caustic shrikes (Depths:3)
  25 very ugly things
  3 draconian stormcallers
  A draconian annihilator (Zot:3)
  3 reapers (IceCv)
  5 quicksilver oozes
  8 stone giants
  A vampire knight (Depths:2)
  6 deep elf demonologists
  4 eleionomae
  2 red draconians
  A lorocyproca (D:11)
  9 deep elf annihilators
  7 yellow draconians
  9 green draconians
  8 spark wasps
  5 white draconians
  2 black draconians
  10 ettins
  7 purple draconians
  3 bunyips
  6 deep elf death magi
  10 fire dragons
  3 deep elf high priests
  2 great orbs of eyes
  A merfolk javelineer (Depths:3)
  A spriggan zombie (Depths:2)
  2 rakshasas (Depths:1)
  A shambling mangrove (Swamp:4)
  6 ice dragons
  3 spriggan air magi
  A vault guard (D:14)
  28 hydras
  3 salamander tyrants (Snake:4)
  2 ogre magi (D:15)
  A death knight (D:14)
  12 anacondas
  10 centaur warriors
  2 demonspawn (Orc:2)
  2 hell beasts
  A ghost crab (Swamp:3)
  8 dancing weapons
  9 alligators
  6 two-headed ogres
  5 hell hogs
  3 death yaks
  12 naga warriors
  3 boulder beetles
  11 deep troll shamans
  7 tengu warriors
  6 spriggan berserkers
  4 orc high priests
  A vampire mage (Depths:1)
  3 soul eaters
  7 deep troll earth magi
  14 deep elf knights
  16 naga sharpshooters
  35 hell knights
  4 shock serpents
  A sun demon (Depths:2)
  A skeletal warrior (D:14)
  4 salamander mystics (Snake:3)
  A death drake (Swamp:4)
  17 deep trolls
  16 swamp dragons
  3 goliath frogs (Swamp:2)
  A spark wasp zombie (Depths:1)
  A skyshark (shapeshifter) (D:14)
  10 iron trolls
  2 quicksilver dragon simulacra
  5 spriggan druids
  4 naga ritualists
  A swamp dragon (shapeshifter) (Depths:3)
  5 glowing orange brains
  6 spriggan simulacra
  An orange crystal statue (IceCv)
  A tengu zombie (Depths:1)
  2 bog bodies
  4 harpies (Elf:3)
  22 deep elf pyromancers
  A wizard (Depths:1)
  13 deep elf archers
  24 deep elf zephyrmancers
  7 necromancers
  8 orc knights
  15 mana vipers
  A tengu skeleton (Depths:3)
  5 oklob plants
  A shining eye (Slime:1)
  18 ugly things
  6 cyclopes
  6 manticores
  19 salamanders
  8 orc sorcerers (Orc:2)
  4 will-o-the-wisps
  15 moths of wrath
  A frost giant skeleton (Depths:2)
  5 elephants
  An eye of devastation (Slime:5)
  A molten gargoyle (D:13)
  16 guardian serpents
  16 cane toads
  46 black mambas
  18 naga magi
  3 smoke demons (Depths:2)
  An orange demon (Depths:2)
  4 komodo dragons
  5 rime drakes
  A yaktaur (D:14)
  9 freezing wraiths
  An efreet (D:15)
  2 anaconda simulacra (IceCv)
  A red devil (Orc:2)
  4 tengu conjurers
  2 polar bears
  2 ice devils (IceCv)
  A bloated husk (Swamp:1)
  6 meliai
  10 tyrant leeches
  4 trolls
  9 hornets
  A hellwing (Orc:2)
  20 blink frogs
  A fire giant simulacrum (Depths:1)
  An ettin zombie (Depths:1)
  63 slime creatures
  A dire elephant simulacrum (IceCv)
  6 spriggans
  2 shadows
  3 air elementals (Elf:3)
  A centaur simulacrum (D:14)
  24 yaks
  4 wraiths
  A ynoxinul (Orc:2)
  A yak (shapeshifter) (D:15)
  11 wyverns
  A water elemental (Elf:3)
  23 fire elementals
  Grum (D:5)
  2 basilisks
  4 golden eyes
  A redback (Lair:5)
  14 vampire mosquitoes
  2 wargs
  Menkaure (D:5)
  6 steam dragons
  2 minotaur simulacra (IceCv)
  35 nagas
  9 swamp worms
  A hydra simulacrum (IceCv)
  A harpy simulacrum (IceCv)
  2 hell hounds (Elf:3)
  4 acid dragons
  16 water moccasins
  8 swamp drakes
  3 floating eyes
  9 black bears
  45 orc warriors
  A black bear (shapeshifter) (Elf:2)
  3 sky beasts
  4 ice beasts
  3 alligator simulacra (IceCv)
  An ogre (shapeshifter) (D:14)
  17 ogres
  33 wolves
  8 centaurs
  A phantom (D:5)
  2 elf zombies (Ossuary)
  8 kobold brigands
  3 scorpions
  8 bullfrogs
  6 gnoll sergeants
  5 deep troll simulacra (IceCv)
  2 necrophages
  10 wights
  Dowan (D:6)
  A lindwurm simulacrum (IceCv)
  4 jellies
  32 killer bees
  6 howler monkeys
  2 centaur zombies (D:9)
  2 human zombies (Ossuary)
  38 orc priests
  11 hounds
  2 gnoll boudas (D:5)
  10 iguanas
  17 orc wizards
  A hell rat (Lair:2)
  2 hound zombies (Ossuary)
  4 mummies
  7 adders
  40 gnolls
  3 shadow imps
  A white imp (D:6)
  An ufetubus (D:6)
  2 adder zombies (Ossuary)
  A worm (D:6)
  A dart slug (D:2)
  111 orcs
  6 ball pythons
  6 bats
  9 endoplasms
  4 giant cockroaches
  A gnoll zombie (Ossuary)
  12 goblins
  14 hobgoblins
  21 jackals
  A quokka (D:4)
  3 training dummies (Depths:1)
  3 frilled lizards
  2 goblin zombies (Ossuary)
  5 hobgoblin zombies (Ossuary)
  4 jackal zombies (Ossuary)
  32 kobolds
  5 kobold zombies (Ossuary)
  An orc zombie (Ossuary)
  3 quokka zombies (Ossuary)
  4 rats
  4 rat zombies (Ossuary)
  6 bushes (D:8)
  A fire vortex (Depths:2)
1821 creatures vanquished.

Vanquished Creatures (collateral kills)
  A dread lich (Zot:5)
  A Killer Klown (Zot:5)
  2 electric golems (Zot:5)
  Mlioglotl (Swamp:3)
  2 tentacled monstrosities
  11 Orb Guardians (Zot:5)
  A quicksilver dragon (Zot:5)
  Frances (D:14)
  Gastronok (D:12)
  2 death cobs
  2 shadow dragons
  A storm dragon (Depths:2)
  2 azure jellies (Slime:5)
  A draconian knight (Zot:5)
  A spectral caustic shrike (Depths:3)
  Louise (Elf:1)
  A ghost moth (Zot:5)
  A green draconian (Zot:5)
  A vampire knight (Depths:1)
  A yellow draconian (Zot:5)
  A white draconian (Zot:5)
  A black draconian (Zot:5)
  3 purple draconians (Zot:5)
  Josephine (D:13)
  Snorg (Lair:5)
  A shambling mangrove (Swamp:1)
  2 fire dragons
  An ice dragon (Depths:4)
  A death knight (D:14)
  A two-headed ogre (D:13)
  A centaur warrior (D:15)
  2 naga sharpshooters (Snake:1)
  A vampire mage (Depths:1)
  2 death yaks (Lair:2)
  A storm dragon zombie (Depths:3)
  A skeletal warrior (D:12)
  2 iron trolls
  A skyshark (Lair:5)
  A swamp dragon (Swamp:3)
  A wizard (D:14)
  A mana viper (Snake:1)
  An ugly thing (Depths:2)
  3 moths of wrath (Zot:5)
  A salamander (Snake:4)
  12 elephants
  A black mamba (shapeshifter) (D:13)
  3 black mambas
  A smoke demon (Depths:2)
  A torpor snail (Lair:4)
  A gargoyle (D:12)
  3 cane toads
  4 komodo dragons
  A queen bee (Lair:2)
  A polar bear (Lair:3)
  6 dream sheep (Lair:5)
  12 blink frogs
  2 hornets (Lair:5)
  A frost giant simulacrum (Depths:2)
  A slime creature (D:12)
  A wyvern (Lair:5)
  9 yaks
  2 shadows (D:12)
  3 wraiths
  A fire elemental (D:13)
  3 vampire mosquitoes (D:12)
  3 basilisks
  An acid dragon (Lair:5)
  4 water moccasins (Lair:5)
  5 boggarts (D:14)
  12 wolves
  2 bullfrogs (Lair:4)
  A gnoll sergeant (D:13)
  9 killer bees
  A gnoll bouda (D:5)
  An orc wizard (D:9)
  7 gnolls
  4 orcs
186 creatures vanquished.

Vanquished Creatures (others)
  A dread lich (Zot:5)
  3 Killer Klowns (Zot:5)
  An Orb Guardian (Zot:5)
  A frost giant (Depths:3)
  A fenstrider witch (Swamp:3)
  A draconian shifter (Zot:5)
  A draconian stormcaller (Zot:5)
  2 black draconians (Zot:5)
  2 white draconians (Zot:5)
  A red draconian (Zot:5)
  A hydra (Lair:4)
  An anaconda (Snake:1)
  The ghost of superbruh the Cleaver, a novice HOFi (D:9)
  2 death yaks
  2 skeletal warriors (D:12)
  Pikel (D:5)
  A wolf spider (Lair:5)
  2 elephants
  2 cane toads
  An unseen horror (D:10)
  A gargoyle (D:11)
  Maggie (D:6)
  A rime drake (D:10)
  2 komodo dragons
  2 polar bears (Lair:3)
  A troll (D:10)
  2 slime creatures (D:12)
  12 yaks
  2 wyverns
  A basilisk (Lair:2)
  Edmund (D:5)
  4 nagas (Lair:2)
  Duvessa (D:6)
  A water moccasin (Lair:2)
  An orc warrior (D:9)
  An ice beast (D:6)
  4 wolves
  3 wights (D:7)
  3 killer bees
  A hound (D:6)
  A bush (Lair:5)
  35 foxfires
  55 fungi
  175 plants
  3 starspawn tentacles (Swamp:3)
342 creatures vanquished.

Grand Total: 2349 creatures vanquished

Notes
Turn   | Place    | Note
-------+----------+-------------------------------------------
     0 | D:1      | browni3141 the Felid Cinder Acolyte began the quest for the
                  | Orb.
     0 | D:1      | Reached XP level 1. HP: 10/10 MP: 3/3
    91 | D:1      | Reached skill level 1 in Stealth
   517 | D:1      | Reached XP level 2. HP: 13/14 MP: 4/4
   910 | D:1      | Learned a level 2 spell: Scorch
   913 | D:2      | Reached skill level 1 in Dodging
  1249 | D:2      | Reached XP level 3. HP: 17/17 MP: 5/5
  1418 | D:2      | Found a faded altar of an unknown god.
  2378 | D:3      | Reached XP level 4. HP: 21/21 MP: 6/6
  2409 | D:3      | Reached skill level 1 in Ice Magic
  2689 | D:3      | Found a stormy altar of Qazlal.
  3118 | D:3      | Found a blossoming altar of Fedhas.
  3350 | D:3      | Learned a level 3 spell: Ozocubu's Armour
  3498 | D:3      | Reached XP level 5. HP: 24/24 MP: 7/7
  3556 | D:2      | Reached skill level 5 in Stealth
  3601 | D:2      | Reached skill level 2 in Ice Magic
  3953 | D:4      | Reached skill level 3 in Ice Magic
  4154 | D:4      | You fall into a shaft and drop 2 floors!
  4167 | D:6      | Noticed a yak
  4172 | D:6      | Noticed an ogre
  4187 | D:6      | Gained mutation: You are covered in thick fur. (AC +2)
                  | [Felid growth]
  4187 | D:6      | Reached XP level 6. HP: 28/28 MP: 8/8
  4273 | D:6      | Reached skill level 4 in Ice Magic
  4280 | D:6      | Reached XP level 7. HP: 21/31 MP: 7/11
  4462 | D:6      | Noticed a yak
  4475 | D:6      | Noticed a yak
  4477 | D:6      | Found a sand-covered staircase.
  4478 | D:6      | Noticed a yak
  4536 | Ossuary  | Entered an ossuary
  4755 | Ossuary  | Reached skill level 5 in Ice Magic
  5245 | Ossuary  | Reached skill level 6 in Ice Magic
  5402 | D:6      | Noticed a yak
  5456 | D:6      | Killed a yak
  5457 | D:6      | Reached XP level 8. HP: 32/34 MP: 5/12
  5538 | D:6      | Noticed Duvessa
  5538 | D:6      | Noticed Dowan
  5583 | D:6      | Your ally Duvessa died
  5632 | D:6      | Reached skill level 1 in Evocations
  5638 | D:6      | HP: 1/35 [yak (15)]
  5654 | D:6      | HP: 1/35 [hound (4)]
  5675 | D:6      | Reached skill level 5 in Dodging
  5779 | D:6      | Killed Dowan
  6404 | D:6      | Reached XP level 9. HP: 39/39 MP: 6/13
  6736 | D:6      | Noticed Maggie
  7519 | D:5      | Entered Level 5 of the Dungeon
  7928 | D:5      | Learned a level 3 spell: Summon Guardian Golem
  8154 | D:5      | Reached skill level 1 in Hexes
  8386 | D:5      | Reached skill level 1 in Summonings
  8553 | D:5      | Noticed Menkaure
  8562 | D:5      | Killed Menkaure
  8717 | D:5      | Reached skill level 5 in Fighting
  8909 | D:5      | Noticed Grum
  8916 | D:5      | Killed Grum
  9054 | D:5      | Noticed Edmund
  9098 | D:5      | Noticed Pikel
  9124 | D:5      | Killed Edmund
  9125 | D:5      | Reached skill level 5 in Unarmed Combat
  9143 | D:5      | Killed Pikel
  9144 | D:5      | Reached XP level 10. HP: 44/44 MP: 2/14
  9301 | D:5      | Reached skill level 10 in Stealth
  9435 | D:5      | Identified the +1 scale mail of Bitterness {rCorr Str+5}
  9621 | D:5      | Found Ufexkoz's Magic Scroll Shop.
  9625 | D:5      | Bought a scroll of noise for 11 gold pieces
  9625 | D:5      | Bought a scroll of summoning for 104 gold pieces
  9625 | D:5      | Bought a scroll of amnesia for 44 gold pieces
  9625 | D:5      | Bought a scroll of magic mapping for 82 gold pieces
  9625 | D:5      | Bought a scroll of identify for 22 gold pieces
  9625 | D:5      | Bought a scroll of teleportation for 33 gold pieces
 10224 | D:4      | Found a staircase to the Ecumenical Temple.
 10241 | Temple   | Entered the Ecumenical Temple
 10486 | D:4      | Found a glowing golden altar of the Shining One.
 11049 | D:7      | Reached skill level 5 in Hexes
 11206 | D:7      | Found a flagged portal.
 11290 | Bailey   | Entered a bailey
 11758 | Bailey   | Found a burning altar of Makhleb.
 11758 | Bailey   | Noticed an orc knight
 11788 | Bailey   | Killed an orc knight
 12080 | D:7      | Learned a level 3 spell: Call Canine Familiar
 12092 | D:7      | Found a sparkling altar of Nemelex Xobeh.
 12297 | D:6      | Killed Maggie
 12468 | D:8      | Found a glowing silver altar of Zin.
 12934 | D:8      | Noticed an oklob plant
 13050 | D:8      | Noticed an oklob plant
 13290 | D:8      | Paralysed by a floating eye for 4 turns
 13360 | D:9      | Reached XP level 11. HP: 34/48 MP: 15/15
 13368 | D:9      | Noticed a two-headed ogre
 13381 | D:9      | Found Gozag's Platinum Reserve.
 13386 | D:9      | Found an opulent altar of Gozag.
 13395 | D:9      | Killed a two-headed ogre
 13697 | D:9      | Found a runed translucent gate.
 13697 | D:9      | Found a runed translucent gate.
 13697 | D:9      | Found a runed translucent gate.
 13697 | D:9      | Noticed superbruh's ghost (novice HOFi)
 13699 | D:9      | Found a basalt altar of Yredelemnul.
 13714 | D:9      | Reached skill level 10 in Dodging
 14405 | D:8      | Reached skill level 5 in Summonings
 15229 | D:9      | Found a staircase to the Orcish Mines.
 15483 | D:9      | Reached skill level 5 in Evocations
 16532 | D:9      | Killed superbruh's ghost
 17499 | D:8      | Noticed an oklob plant
 17547 | D:10     | Entered Level 10 of the Dungeon
 18267 | D:10     | Found a staircase to the Lair.
 18748 | Lair:1   | Entered Level 1 of the Lair of Beasts
 19193 | Lair:1   | Reached skill level 1 in Conjurations
 19193 | Lair:1   | Reached skill level 7 in Ice Magic
 19193 | Lair:1   | Reached skill level 1 in Air Magic
 19379 | Lair:1   | Gained mutation: Your thick and shaggy fur keeps you warm.
                  | (AC +3, rC+) [Felid growth]
 19379 | Lair:1   | Reached XP level 12. HP: 51/55 MP: 17/18
 19645 | Lair:1   | Got the Compilation of Radiant Exhumation
 21106 | Lair:1   | Learned a level 4 spell: Summon Lightning Spire
 21111 | Lair:1   | Learned a level 4 spell: Airstrike
 21131 | Lair:2   | Reached skill level 5 in Spellcasting
 21459 | Lair:2   | Found a staircase to the Snake Pit.
 21512 | Lair:2   | Killed by an exploding themself... ignited by their inner
                  | flame
 21513 | Lair:2   | Reached XP level 11. HP: -5/51 MP: 4/29
 21615 | D:9      | Fell from the grace of Ignis
 21615 | D:9      | Became a worshipper of Gozag Ym Sagoz the Greedy
 22156 | Lair:2   | Reached skill level 5 in Air Magic
 22167 | Lair:2   | Reached skill level 5 in Conjurations
 22526 | Lair:2   | Noticed an oklob plant
 23080 | Lair:2   | You fall into a shaft and drop 2 floors!
 23092 | Lair:4   | Noticed a death yak
 23093 | Lair:4   | Reached XP level 12. HP: 43/55 MP: 22/22
 23097 | Lair:4   | Noticed a death yak
 23112 | Lair:4   | Noticed a death yak
 23125 | Lair:4   | Killed a death yak
 23148 | Lair:4   | Noticed a four-headed hydra
 23185 | Lair:4   | Killed a four-headed hydra
 23189 | Lair:4   | Killed a death yak
 23237 | Lair:4   | Killed a death yak
 23306 | Lair:2   | Noticed a death yak
 23499 | Lair:1   | Was forgiven by Ignis
 24012 | Lair:2   | Noticed an eight-headed hydra
 24023 | Lair:2   | Killed an eight-headed hydra
 24074 | Lair:2   | Noticed a six-headed hydra
 24093 | Lair:2   | Killed a six-headed hydra
 24179 | Lair:2   | Noticed a death yak
 24180 | Lair:2   | Noticed a death yak
 24182 | Lair:2   | Noticed a death yak
 24197 | Lair:2   | Killed a death yak
 24205 | Lair:2   | Killed a death yak
 24213 | Lair:2   | Killed a death yak
 24214 | Lair:2   | Killed a death yak
 24417 | Lair:2   | Found a staircase to the Swamp.
 25258 | Lair:3   | Reached skill level 10 in Air Magic
 25427 | Lair:3   | Reached XP level 13. HP: 58/58 MP: 11/23
 26964 | Lair:4   | Learned a level 5 spell: Lightning Bolt
 27038 | Lair:4   | Found a viscous altar of Jiyva.
 27039 | Lair:4   | Found a staircase to the Slime Pits.
 27632 | Lair:4   | Found a runed translucent door.
 27796 | Lair:4   | You fall into a shaft and drop 1 floor!
 27796 | Lair:5   | Entered Level 5 of the Lair of Beasts
 27887 | Lair:5   | Noticed Snorg
 27892 | Lair:5   | Killed Snorg
 28297 | Lair:5   | Reached skill level 8 in Ice Magic
 28600 | Lair:5   | Reached XP level 14. HP: 63/63 MP: 5/27
 28850 | Lair:5   | Reached skill level 9 in Ice Magic
 29823 | Lair:5   | Reached skill level 10 in Ice Magic
 30551 | Lair:5   | Identified the +4 long sword of Apieraen {freeze, rF+ rN+
                  | Str+2}
 30568 | Lair:5   | Slain by a spriggan rider
 30569 | Lair:5   | Reached XP level 13. HP: -4/58 MP: 26/26
 31021 | Lair:5   | Reached skill level 11 in Ice Magic
 32422 | Lair:5   | Noticed a fire dragon
 32727 | Lair:5   | Killed a fire dragon
 33281 | Orc:1    | Entered Level 1 of the Orcish Mines
 33670 | D:11     | Reached skill level 12 in Ice Magic
 33875 | D:11     | Found an iron altar of Okawaru.
 34137 | D:11     | Identified the +2 robe "Ysyfrov" {Will+}
 34548 | D:11     | Noticed Sonja
 34557 | D:11     | Sonja changed into Sonja the cane toad
 34557 | D:11     | Noticed Sonja
 34558 | D:11     | Killed Sonja the cane toad
 35421 | D:12     | Reached XP level 14. HP: 47/63 MP: 15/27
 35930 | D:12     | Noticed bronco's ghost (journeyman HuAE)
 35939 | D:12     | Found a transporter.
 36229 | D:12     | Noticed Gastronok
 36237 | D:12     | Killed Gastronok
 36380 | D:12     | Found a transporter.
 37289 | D:12     | Found a transporter.
 37327 | D:12     | Found a transporter.
 37601 | D:13     | Noticed Josephine
 37630 | D:12     | Bought a scroll of teleportation for 48 gold pieces
 37630 | D:12     | Bought a scroll of teleportation for 48 gold pieces
 37630 | D:12     | Bought a scroll of summoning for 152 gold pieces
 37630 | D:12     | Bought a scroll of silence for 152 gold pieces
 37636 | D:12     | Bought the amulet of Vitality {RegenMP++ Regen++} for 1200
                  | gold pieces
 37636 | D:12     | Found the amulet of Vitality {RegenMP++ Regen++}
 37648 | D:12     | Bought the ring of Xom's Amusement {rElec MP+9 Int+3} for
                  | 483 gold pieces
 37656 | D:13     | Found Naasoh's Armour Boutique.
 37656 | D:13     | Found Apiecrop's Weapon Boutique.
 37665 | D:13     | Killed Josephine
 37872 | D:13     | Found Qeuri Ygroen's Antique Armour Boutique.
 37889 | D:13     | Found Anud's Antique Armour Boutique.
 38688 | D:13     | Reached skill level 13 in Ice Magic
 38750 | D:14     | Found a frozen archway.
 38759 | D:14     | Noticed Frances
 38761 | IceCv    | Entered an ice cave
 39423 | IceCv    | Reached skill level 10 in Spellcasting
 39441 | IceCv    | Noticed a reaper
 39450 | IceCv    | Killed a reaper
 39531 | IceCv    | Noticed a reaper
 39575 | IceCv    | Noticed a reaper
 39619 | IceCv    | Killed a reaper
 39620 | IceCv    | Killed a reaper
 39940 | D:14     | Reached skill level 14 in Ice Magic
 39994 | D:14     | Reached XP level 15. HP: 56/66 MP: 5/30
 40133 | D:14     | Killed Frances
 40134 | D:14     | Reached skill level 15 in Ice Magic
 40865 | D:14     | Found a gate to the Vaults.
 40952 | D:15     | Entered Level 15 of the Dungeon
 41361 | D:15     | Reached skill level 16 in Ice Magic
 41443 | D:15     | Identified a scroll of acquirement
 41832 | D:15     | Found a staircase to the Depths.
 42159 | D:11     | Learned a level 7 spell: Ozocubu's Refrigeration
 42226 | Snake:1  | Entered Level 1 of the Snake Pit
 42247 | Snake:1  | Noticed Aizul
 42270 | Snake:1  | Slain by Aizul
 42271 | Snake:1  | Reached XP level 14. HP: -4/63 MP: 14/38
 42807 | Snake:1  | Reached XP level 15. HP: 66/66 MP: 20/30
 43255 | D:12     | Bought the ring of Xorphu {*Slow rF++ Will+ rCorr} for 534
                  | gold pieces
 43324 | Orc:1    | Hit by a large rock thrown by a cyclops
 43325 | Orc:1    | Reached XP level 14. HP: -4/63 MP: 38/38
 43550 | Orc:1    | Reached skill level 17 in Ice Magic
 43784 | Orc:2    | Entered Level 2 of the Orcish Mines
 44019 | Orc:2    | Found Gonkapt's Antique Weapon Shoppe.
 44064 | Orc:2    | Found a staircase to the Elven Halls.
 44076 | Orc:2    | Found Nuheuk's Distillery.
 44673 | Orc:2    | Found Neugypt's General Store.
 44678 | Orc:2    | Found Xoafodghithra's Distillery.
 45183 | Orc:2    | Found Amo Osuc's Antique Weapon Shoppe.
 45183 | Orc:2    | Found Miefao's Book Emporium.
 45184 | Orc:2    | Found a one-way gate leading to the halls of Pandemonium.
 45193 | Orc:2    | Bought a Trismegistus Codex for 364 gold pieces
 45193 | Orc:2    | Bought Maxwell's Memoranda for 494 gold pieces
 45222 | Orc:2    | Bought a potion of invisibility for 96 gold pieces
 45222 | Orc:2    | Bought a potion of heal wounds for 60 gold pieces
 45222 | Orc:2    | Bought a potion of lignification for 36 gold pieces
 45222 | Orc:2    | Bought a potion of curing for 36 gold pieces
 45222 | Orc:2    | Bought a potion of heal wounds for 60 gold pieces
 45222 | Orc:2    | Bought a potion of attraction for 36 gold pieces
 45222 | Orc:2    | Bought a potion of mutation for 96 gold pieces
 45222 | Orc:2    | Bought 2 potions of heal wounds for 120 gold pieces
 45222 | Orc:2    | Bought a potion of magic for 96 gold pieces
 45229 | Orc:2    | Bought a scroll of fear for 56 gold pieces
 45229 | Orc:2    | Bought a potion of mutation for 112 gold pieces
 45229 | Orc:2    | Bought 2 potions of lignification for 84 gold pieces
 45257 | Orc:2    | Bought a potion of brilliance for 56 gold pieces
 45257 | Orc:2    | Bought a potion of cancellation for 112 gold pieces
 45257 | Orc:2    | Bought a potion of haste for 140 gold pieces
 45257 | Orc:2    | Bought a potion of flight for 42 gold pieces
 45257 | Orc:2    | Bought a potion of attraction for 42 gold pieces
 45257 | Orc:2    | Bought a potion of might for 56 gold pieces
 45257 | Orc:2    | Bought a potion of lignification for 42 gold pieces
 45434 | Orc:2    | Acquired 1300 gold pieces
 45444 | Orc:2    | Learned a level 5 spell: Freezing Cloud
 45448 | Orc:2    | Learned a level 3 spell: Vhi's Electric Charge
 45617 | Swamp:1  | Entered Level 1 of the Swamp
 45986 | Swamp:1  | Identified the +2 scale mail of Eternal Night {Will+ Dex+3}
 46504 | Swamp:3  | Noticed Jorgrun
 46513 | Swamp:3  | Killed Jorgrun
 46608 | Swamp:3  | Noticed Roxanne
 46659 | Swamp:3  | Noticed Mlioglotl
 46675 | Swamp:3  | Killed Mlioglotl
 46729 | Swamp:3  | Noticed a fenstrider witch
 46741 | Swamp:3  | Killed a fenstrider witch
 46742 | Swamp:3  | Reached XP level 15. HP: 67/67 MP: 16/31
 46946 | Swamp:3  | Reached skill level 18 in Ice Magic
 47375 | Swamp:3  | Noticed a thorn hunter
 47380 | Swamp:3  | Killed a thorn hunter
 47967 | Swamp:2  | Learned a level 1 spell: Apportation
 48243 | Swamp:4  | Entered Level 4 of the Swamp
 48250 | Swamp:4  | Reached skill level 10 in Fighting
 49081 | Swamp:4  | Reached XP level 16. HP: 75/75 MP: 23/33
 49239 | Swamp:4  | Got a decaying rune of Zot
 49320 | Swamp:4  | Noticed a thorn hunter
 49323 | Swamp:4  | Killed a thorn hunter
 50473 | Snake:1  | Killed Aizul
 51777 | Snake:3  | Found Hyser's Armour Emporium.
 51838 | Snake:3  | Found Purionn's Assorted Antiques.
 51848 | Snake:3  | Bought a potion of brilliance for 104 gold pieces
 51848 | Snake:3  | Bought a potion of mutation for 208 gold pieces
 51848 | Snake:3  | Bought 2 potions of curing for 156 gold pieces
 51848 | Snake:3  | Bought a potion of curing for 78 gold pieces
 51867 | Snake:3  | Found Juwo's Assorted Antiques.
 51903 | Snake:3  | Bought a potion of mutation for 264 gold pieces
 51903 | Snake:3  | Bought a scroll of fear for 132 gold pieces
 51903 | Snake:3  | Bought a scroll of poison for 132 gold pieces
 52107 | Snake:3  | Reached skill level 10 in Evocations
 52822 | Snake:3  | Learned a level 5 spell: Arcjolt
 52823 | Snake:4  | Entered Level 4 of the Snake Pit
 53181 | Snake:4  | Reached XP level 17. HP: 81/81 MP: 5/35
 55048 | Snake:4  | Got a serpentine rune of Zot
 55414 | Elf:1    | Entered Level 1 of the Elven Halls
 55630 | Elf:1    | Found a portal to a secret trove of treasure.
 56151 | Elf:1    | Noticed Louise
 56163 | Elf:1    | Killed Louise
 56290 | Elf:1    | Reached skill level 15 in Stealth
 56344 | Elf:1    | Reached XP level 18. HP: 80/81 MP: 26/36
 57345 | Elf:2    | Found Zionuap's Antique Weapon Emporium.
 57512 | Elf:2    | Found a huge runed translucent gate.
 57512 | Elf:2    | Found a huge runed translucent gate.
 57512 | Elf:2    | Found a huge runed translucent gate.
 57515 | Elf:2    | Found a huge runed translucent gate.
 57516 | Elf:2    | Found a huge runed translucent gate.
 57598 | Elf:3    | Entered Level 3 of the Elven Halls
 57606 | Elf:3    | Found Ingou's Assorted Antiques.
 57649 | Elf:3    | Found Teb Totz's Armour Shoppe.
 57650 | Elf:3    | Found Yrufes's Jewellery Emporium.
 57699 | Elf:3    | Paralysed by an air elemental for 1 turns
 58247 | Elf:3    | Reached skill level 15 in Dodging
 58725 | Slime:1  | Entered Level 1 of the Pits of Slime
 58732 | Slime:1  | Gained mutation: You are dopey. (Int -2) [a shining eye]
 58734 | Slime:1  | Gained mutation: You do not regenerate when monsters are
                  | visible. [a shining eye]
 58736 | Slime:1  | Lost mutation: You do not regenerate when monsters are
                  | visible. [potion of mutation]
 58736 | Slime:1  | Lost mutation: You are dopey. (Int -2) [potion of mutation]
 58736 | Slime:1  | Gained mutation: Your flesh is heat resistant. (rF+)
                  | [potion of mutation]
 58736 | Slime:1  | Gained mutation: You are robust. (+10% HP) [potion of
                  | mutation]
 58736 | Slime:1  | Gained mutation: You are weak. (Str -2) [potion of
                  | mutation]
 58942 | Slime:4  | Noticed Dissolution
 58951 | Slime:4  | Killed Dissolution
 59151 | Slime:5  | Entered Level 5 of the Pits of Slime
 59377 | Slime:4  | Reached XP level 19. HP: 88/100 MP: 15/37
 59989 | Slime:5  | Noticed the Royal Jelly
 60067 | Slime:5  | Found a viscous altar of Jiyva.
 60157 | Slime:5  | Killed the Royal Jelly
 60403 | Slime:5  | Identified the amulet "Urgho" {RegenMP rElec rC++ rCorr
                  | Stlth-}
 60411 | Slime:5  | Got a slimy rune of Zot
 60448 | Slime:5  | Got the Volume of Pneumatic Bewitchment
 60544 | Slime:5  | Learned a level 2 spell: Blink
 60892 | Elf:1    | You showed the slimy rune of Zot to enter a treasure trove
 60893 | Trove    | Entered a treasure trove
 60923 | Trove    | Got Ysibb's Directory of the Fluctuating Missiles
 60925 | Trove    | Got Sif Muna's Essays on Frost and Dark Magic
 60927 | Trove    | Got Sif Muna's Even More Sorcery
 60948 | Trove    | Identified the amulet of Tutadgh {Acrobat rElec}
 61039 | Elf:3    | Paralysed by an air elemental for 1 turns
 61128 | Elf:3    | Identified the +2 great sword of Evisceration {flame, rF+
                  | rC- Str+3}
 61165 | Elf:3    | Reached skill level 15 in Fighting
 61343 | Elf:3    | Identified the +8 spear "Trog's Fury" {holy, Dex+3}
 61441 | Elf:3    | Identified the +3 glaive "Syleri" {pain, rCorr Int+2}
 61441 | Elf:3    | Identified the ring of Jagaucza {MP+9 Int+3}
 61518 | Elf:3    | Identified the +10 short sword "Dezaj" {elec, rF+}
 61655 | Elf:3    | Identified the +1 battleaxe of Income {drain, rElec rPois
                  | Str+4 Dex-5}
 61784 | Elf:3    | Got the Monograph on Battle Magic and the Swarm
 61785 | Elf:3    | Identified the +4 morningstar "Jiulac" {freeze, *Rage
                  | Int+6}
 62240 | Depths:1 | Entered Level 1 of the Depths
 62401 | Depths:1 | Noticed a juggernaut
 62410 | Depths:1 | Found a bloodstained altar of Trog.
 62410 | Depths:1 | Noticed Funiw's ghost (adept TrMo)
 62412 | Depths:1 | Noticed a juggernaut
 62457 | Depths:1 | Reached skill level 19 in Ice Magic
 62460 | Depths:1 | Found a transporter.
 62464 | Depths:1 | Found a transporter.
 62706 | Depths:1 | Reached XP level 20. HP: 65/107 MP: 1/38
 62851 | Depths:2 | Reached XP level 21. HP: 86/112 MP: 15/39
 63108 | Depths:1 | Reached skill level 20 in Ice Magic
 63465 | Depths:1 | Found a gateway to Hell.
 63623 | Depths:1 | Found Uhegg's General Store.
 63623 | Depths:1 | Found Ukhutath's Book Emporium.
 63624 | Depths:1 | Found Peaso's Magic Scroll Shoppe.
 63675 | Depths:1 | Bought a scroll of blinking for 165 gold pieces
 63675 | Depths:1 | Bought a scroll of fog for 88 gold pieces
 63675 | Depths:1 | Bought a scroll of fear for 88 gold pieces
 63675 | Depths:1 | Bought a scroll of teleportation for 66 gold pieces
 63675 | Depths:1 | Found Ynumpoz's Magic Scroll Emporium.
 63678 | Depths:1 | Bought a wand of charming (5) for 216 gold pieces
 63681 | Depths:1 | Bought a scroll of poison for 92 gold pieces
 63681 | Depths:1 | Bought a scroll of acquirement for 1196 gold pieces
 63681 | Depths:1 | Bought a scroll of fear for 92 gold pieces
 63681 | Depths:1 | Bought a scroll of poison for 92 gold pieces
 63681 | Depths:1 | Bought a scroll of teleportation for 69 gold pieces
 63681 | Depths:1 | Bought a scroll of teleportation for 69 gold pieces
 63684 | Depths:1 | Acquired 1017 gold pieces
 63693 | Depths:1 | Found Niq Weig's Firing Range.
 63763 | Depths:1 | Found a one-way gateway to a ziggurat.
 63894 | Depths:1 | Found a one-way gate to the infinite horrors of the Abyss.
 64841 | Depths:2 | Found the +5 Storm Queen's Shield {shock, Fly rElec}
 65345 | Depths:2 | Reached skill level 21 in Ice Magic
 65723 | Depths:3 | Noticed Mara
 65735 | Depths:3 | Noticed Vv
 65738 | Depths:3 | Killed Mara
 65826 | Depths:3 | Killed Vv
 65944 | Depths:3 | Found a transporter.
 66221 | Depths:3 | Reached XP level 22. HP: 98/119 MP: 7/40
 66372 | Depths:3 | Found a transporter.
 66957 | Depths:4 | Entered Level 4 of the Depths
 67347 | Depths:4 | Reached skill level 22 in Ice Magic
 67434 | Depths:4 | Noticed a golden dragon
 67517 | Depths:4 | Killed a golden dragon
 67725 | Depths:4 | Found a gate to the Realm of Zot.
 67864 | Depths:4 | Found a sacrificial altar of Ru.
 68458 | Depths:4 | Found a blossoming altar of Fedhas.
 68700 | Zot:1    | Entered Level 1 of the Realm of Zot
 68713 | Depths:4 | HP: 4/165 [death cob (33)]
 68713 | Depths:4 | Mangled by a white draconian stormcaller
 68714 | Depths:4 | Reached XP level 21. HP: -13/156 MP: 13/48
 70447 | Zot:2    | Noticed an orb of fire
 70466 | Zot:2    | Gained mutation: You sometimes lose your temper in combat.
                  | [an orb of fire]
 70472 | Zot:2    | Gained mutation: Your body sometimes deteriorates upon
                  | taking damage. [an orb of fire]
 70477 | Zot:2    | Killed an orb of fire
 71189 | Zot:3    | HP: 5/116 [death cob (17)]
 71189 | Zot:3    | Mangled by a death cob
 71190 | Zot:3    | Reached XP level 20. HP: -10/113 MP: 28/47
 71528 | Zot:3    | Reached skill level 23 in Ice Magic
 71769 | Zot:3    | Noticed a curse toe
 72004 | Zot:3    | Reached XP level 21. HP: 104/117 MP: 18/39
 72411 | Zot:4    | Noticed a golden dragon
 72432 | Zot:4    | Killed a golden dragon
 73065 | Zot:4    | Noticed a golden dragon
 73071 | Zot:4    | Killed a golden dragon
 73346 | Zot:5    | Entered Level 5 of the Realm of Zot
 73506 | Zot:5    | Noticed a curse toe
 73845 | Zot:5    | Killed a curse toe
 74217 | Zot:5    | Got the Vellum of Effluvium and the Lungs
 74370 | Zot:5    | Noticed a dread lich
 74373 | Zot:5    | Noticed a dread lich
 74394 | Zot:5    | Killed a dread lich
 74423 | Zot:5    | Noticed an orb of fire
 74424 | Zot:5    | Noticed an orb of fire
 74437 | Zot:5    | Noticed an orb of fire
 74444 | Zot:5    | Noticed a Killer Klown
 74451 | Zot:5    | Killed a Killer Klown
 74456 | Zot:5    | Noticed an orb of fire
 74478 | Zot:5    | Killed an orb of fire
 74502 | Zot:5    | Noticed a Killer Klown
 74504 | Zot:5    | Killed a Killer Klown
 74560 | Zot:5    | Noticed an orb of fire
 74565 | Zot:5    | Noticed an orb of fire
 74566 | Zot:5    | Noticed a Killer Klown
 74569 | Zot:5    | Noticed an orb of fire
 74576 | Zot:5    | Gained mutation: You are very weak. (Str -4) [an orb of
                  | fire]
 74577 | Zot:5    | Noticed an orb of fire
 74583 | Zot:5    | Noticed a Killer Klown
 74584 | Zot:5    | Got the Orb of Zot
 74587 | Zot:5    | Reached skill level 24 in Ice Magic
 74591 | Zot:5    | Killed a Killer Klown
 74594 | Zot:5    | Killed a Killer Klown
 75232 | D:$      | Escaped with the Orb!

Illustrated notes

Levels and vault maps discovered:
D:1:      tarquinn_simple_flora_water_d, layout_basic, roderic_roman_lattice,
          minmay_misc_feat_x, st_stairs_1
D:2:      layout_loops_corners, shapermc_ecumenical_altar_acropolis,
          grunt_ministairs_13, minmay_domino_2
D:3:      layout_loops_cross, tgw_xom, mainiacjoe_overflow_24_doors,
          lemuel_round_altar
D:4:      layout_rooms, tso_altar, minmay_temple_entry_grid, roderic_lattice_a,
          kennysheep_big_empty_room
D:5:      layout_cave_pools, serial_gnoll_camp, grums_kennel,
          gnoll_camp_mini_loothouse, gnoll_camp_medium_01, gnoll_camp_medium_02,
          gnoll_camp_mini_shop, gnoll_camp_huts_basic, uniq_menkaure,
          uniq_pikel, uniq_edmund
D:6:      kennysheep_housing_project, layout_layer_cave,
          gup_ossuary_entry_pyramid, minmay_strange_pillars, minmay_checkerbox,
          uniq_maggie, uniq_duvessa
D:7:      layout_rooms, general_overflow_altar, enter_bailey_3
D:8:      layout_cave_pools, mainiacjoe_overflow_alcove_4, special_room
          [special_room_orc], disabler_island
D:9:      layout_loops_ring, nicolae_gozag_zags_fifth_avenue,
          nicolae_yredelemnul_ghost_church, hiddenorc2_lemuel, billiards_dpeg
D:10:     layout_irregular_city, hellmonk_lair_entry_icy
D:11:     layout_basic, okawaru_altar_gauntlet_db, uniq_sonja
D:12:     layout_loops_ring, nzn_ghost_randoct, drop_trap, uniq_gastronok
D:13:     layout_big_octagon, serial_park_tiny_1, kennysheep_small_spiral,
          minmay_shop_grid_forest, uniq_josephine
D:14:     hangedman_cross_veins, layout_cave_pools, david_vaults_5,
          portal_ice_cave_entry_pillars_1, uniq_frances
D:15:     grunt_enter_depths_hoard, layout_basic
Temple:   eino_narrow_crystal_temple
Lair:1:   layout_cave_pods, serial_forest, infiniplex_forest_lined_room_3,
          infiniplex_forest_straight_2, infiniplex_forest_lined_corner,
          infiniplex_forest_clump_long, beast_lair_carwin_2,
          infiniplex_staircase_pool_2
Lair:2:   regret_index_harrowing_hell_hive, layout_gridlike,
          palyth_hydra_swamp_entry, guppyfry_snake_entry_garden
Lair:3:   beast_lair_carwin_large_3, layout_regular_city, serial_bayou_lagoon_a,
          grunt_megastairs_2, infiniplex_staircase_pool
Lair:4:   layout_hall_layers, minmay_slime_entry_pillars, pf_torpor_hydra
Lair:5:   guppyfry_lair_end_dragon, layout_small_grid,
          hangedman_lair_tendril_chambers, chequers_serial_rivers_small_3,
          grunt_forest_large_clearings, uniq_snorg
Swamp:1:  layout_basic_swamp, evilmike_swamp_ruin_house_5
Swamp:2:  layout_falls_marsh, evilmike_swamp_ruin_house_2, swamp_pool3
Swamp:3:  layout_falls_marsh, hangedman_swamp_lotus,
          nicolae_swamp_soggy_hallways, uniq_jorgrun, uniq_roxanne,
          uniq_mlioglotl
Swamp:4:  swamp, layout_basic_swamp
Snake:1:  layout_misc_corridors, grunt_ministairs_7, drop_trap, uniq_aizul
Snake:2:  layout_grid_maze, serial_bayou_shore_b
Snake:3:  nicolae_snake_nest, layout_onion, serial_shops, nicolae_shop_stone,
          nicolae_shop_advertising_works [nicolae_subvault_shop_adworks], shop
Snake:4:  snake_hunt, layout_rooms, grunt_megastairs_4
Slime:1:  layout_caves
Slime:2:  layout_caves
Slime:3:  layout_caves
Slime:4:  layout_caves, uniq_dissolution
Slime:5
Orc:1:    layout_diamond_mine
Orc:2:    pf_orc_diabolical, layout_diamond_mine, serial_shops,
          nicolae_square_shop, shop
Elf:1:    eino_elf_arrival_shootout, layout_gridlike,
          nicolae_trove_entry_crystal, kennysheep_underground_church,
          nicolae_elf_blasts_and_bolts, uniq_louise
Elf:2:    elven_hall_of_blades_hangedman_alternative [grunt_blade_entry_basic],
          layout_gridlike, serial_glass, glass_columns_a, glass_columns_c,
          serial_shops, shop
Elf:3:    elf_hall, layout_geoelf_diagonals, special_room
          [special_room_mythical_zoo], st_stairs_10, minmay_shop_star
Depths:1: layout_gridville, enter_ziggurat_a, grunt_mini_vestibule,
          abyss_entry_crystal, serial_sigils_hangedman_scratch,
          gammafunk_ghost_wrathful_warriors, nicolae_shop_firing_range,
          minmay_shoptagon
Depths:2: minmay_shoctagon, layout_basic, pan_entry, hellmouth_3,
          hangedman_abyss_or_decor_passed, infiniplex_staircase_zigzag_4,
          uniq_josephina
Depths:3: gammafunk_jiyva_shrine, layout_gridlike, pf_hell_entry_tar_river,
          special_room [special_room_jelly], abyss_entry,
          minmay_staircase_bubble, uniq_mara, uniq_vv
Depths:4: evilmike_zot_entry_hall, layout_cave_shapes, abyss_entry,
          fedhas_altar_2, grunt_hell_entry_dis_grunt, corner_web_ring,
          nicolae_ru_sacrificial_ziggurat
Zot:1:    layout_concentric_octagons
Zot:2:    layout_gridlike, grunt_megastairs_5
Zot:3:    cheibrodos_zot_enchanting_chambers, layout_concentric_octagons,
          zot_minivault_1
Zot:4:    kennysheep_spiral_hall, layout_misc_corridors
Zot:5:    layout_misc_corridors, lemuel_baited_zot_trap, grunt_ministairs_6

Skill      XL: |  1  2  3  4  5  6  7  8  9 10 11 12 13 14 15 16 17 18 19 20 21 22 |
---------------+-------------------------------------------------------------------+-----
Stealth        | 2 3 4 5 7 9 11 15 18 | 18.9
Dodging        | 1 2 3 6 8 9 10 13 16 17 | 17.4
Ice Magic      | 1 3 4 6 7 12 17 18 19 23 24 22 | 24.1
Fire Magic     | 4 |  4.0
Spellcasting   | 2 6 5 8 11 12 13 14 | 14.0
Evocations     | 3 5 7 10 | 10.0
Fighting       | 4 5 6 7 8 11 12 13 14 15 16 19 18 | 19.7
Unarmed Combat | 4 5 7 8 |  8.0
Hexes          | 4 6 7 |  7.0
Summonings     | 2 4 5 |  5.0
Conjurations   | 5 4 7 |  7.0
Air Magic      | 6 10 11 | 11.0

Action                     |  1- 3 |  4- 6 |  7- 9 | 10-12 | 13-15 | 16-18 | 19-21 | 22-24 || total
---------------------------+-------+-------+-------+-------+-------+-------+-------+-------++-------
  Melee: Unarmed           |    57 |    28 |   146 |   385 |   344 |    49 |    83 |    30 ||  1122
         Punch             |     1 |       |     4 |     8 |    23 |     1 |     6 |     1 ||    44
         Bite              |     2 |     4 |    20 |    41 |    41 |    11 |    14 |     3 ||   136
   Cast: Scorch            |     6 |    59 |   276 |   731 |   354 |       |       |       ||  1426
         Ozocubu's Armour  |       |     1 |     6 |    17 |     7 |       |       |       ||    31
         Summon Guardian G |       |       |     4 |    36 |    38 |     1 |     7 |       ||    86
         Call Canine Famil |       |       |       |    23 |    21 |       |       |       ||    44
         Airstrike         |       |       |       |    18 |   208 |    35 |   226 |    26 ||   513
         Summon Lightning  |       |       |       |    21 |   123 |     5 |    48 |    12 ||   209
         Lightning Bolt    |       |       |       |       |   217 |    13 |    77 |    28 ||   335
         Ozocubu's Refrige |       |       |       |       |   278 |   540 |   477 |    86 ||  1381
         Freezing Cloud    |       |       |       |       |     2 |       |     8 |       ||    10
         Apportation       |       |       |       |       |     7 |     1 |     1 |       ||     9
         Arcjolt           |       |       |       |       |       |       |    64 |    40 ||   104
         Blink             |       |       |       |       |       |       |    13 |     7 ||    20
         Vhi's Electric Ch |       |       |       |       |       |       |     2 |       ||     2
 Invoke: Foxfire Swarm     |       |     3 |       |       |       |       |       |       ||     3
         Fiery Armour      |       |     1 |       |     7 |       |       |       |       ||     8
         Rising Flame      |       |       |       |     1 |       |       |       |       ||     1
         Call Merchant     |       |       |       |       |     2 |       |       |       ||     2
         Potion Petition   |       |       |       |       |     3 |     2 |    18 |     2 ||    25
         Bribe Branch      |       |       |       |       |       |       |     1 |       ||     1
  Evoke: Wand              |       |       |     8 |    18 |    24 |     3 |    28 |       ||    81
         Phantom mirror    |       |       |       |       |     3 |       |     4 |       ||     7
         Condenser vane    |       |       |       |       |     2 |     1 |     4 |       ||     7
         Tin of tremorston |       |       |       |       |     1 |       |     1 |       ||     2
         Box of beasts     |       |       |       |       |       |       |     7 |     1 ||     8
         Lightning rod     |       |       |       |       |       |       |     3 |       ||     3
    Use: Scroll            |       |     4 |     2 |     7 |    34 |     2 |    23 |     4 ||    76
         Potion            |       |       |     1 |     3 |    17 |     5 |    21 |       ||    47
   Stab: Sleeping          |     7 |     1 |     3 |     5 |    14 |     5 |     5 |     6 ||    46
         Confused          |       |       |       |     2 |       |       |       |       ||     2
         Distracted        |       |       |       |     2 |     6 |     1 |     2 |       ||    11
         Invisible         |       |       |       |       |       |       |     1 |       ||     1
 Armour: Skin              |     4 |     3 |    38 |    88 |    63 |     2 |    13 |     5 ||   216
  Dodge: Dodged            |    36 |    37 |   267 |   766 |   587 |    89 |   306 |   121 ||  2209

Table legend: (Time is in decaauts)
 A = Elapsed time spent in this place.
 B = Non-inter-level travel time spent in this place.
 C = Inter-level travel time spent in this place.
 D = Time resting spent in this place.
 E = Time spent auto-exploring this place.
 F = Levels seen in this place.
 G = Mean time per level.
                   A        B        C        D        E       F      G
               +--------+--------+--------+--------+--------+-----+--------+
         Total |  67516 |  63274 |   4242 |  14189 |  33130 |  52 | 1298.4 |
       Dungeon |  23345 |  21669 |   1676 |   4773 |  11351 |  15 | 1556.3 |
        Temple |    163 |    154 |      9 |      0 |    147 |   1 |  163.0 |
          Lair |  13946 |  13142 |    804 |   3423 |   6909 |   5 | 2789.2 |
         Swamp |   3827 |   3599 |    228 |    903 |   1797 |   4 |  956.8 |
     Snake Pit |   5221 |   5048 |    173 |    625 |   3295 |   4 | 1305.2 |
    Slime Pits |   1631 |   1554 |     77 |    347 |    512 |   5 |  326.2 |
  Orcish Mines |   2101 |   1777 |    324 |    142 |   1227 |   2 | 1050.5 |
   Elven Halls |   3757 |   3474 |    283 |    893 |   1982 |   3 | 1252.3 |
        Depths |   5919 |   5577 |    342 |    888 |   2918 |   4 | 1479.8 |
           Zot |   5078 |   4755 |    323 |   1045 |   2466 |   5 | 1015.6 |
         Trove |     78 |     78 |      0 |      0 |     59 |   1 |   78.0 |
       Ossuary |    817 |    817 |      0 |    354 |    217 |   1 |  817.0 |
        Bailey |    603 |    603 |      0 |    280 |    114 |   1 |  603.0 |
      Ice Cave |   1025 |   1025 |      0 |    512 |    131 |   1 | 1025.0 |
               +--------+--------+--------+--------+--------+-----+--------+

Top non-repeatable levels by time:
  Lair:5: 4437 daAuts
  Lair:2: 3168 daAuts
  Lair:1: 2881 daAuts
     D:6: 2731 daAuts
     D:9: 2665 daAuts
     D:5: 2352 daAuts
 Snake:4: 2099 daAuts
    D:12: 2031 daAuts
     D:8: 1994 daAuts
  Lair:3: 1894 daAuts
    D:11: 1716 daAuts
Depths:4: 1706 daAuts
    D:10: 1637 daAuts
   Elf:3: 1585 daAuts
Depths:2: 1583 daAuts
